 Dungeon Sprint DCSS version 0.24.0-123-gd5b16e6ec5 (webtiles) character file.

Game seed: 12342265045418170410, levelgen mode: deterministic

130 McKennaii the Destroyer (level 4, -6/29 HPs)
             Began as a Draconian Conjurer on Jan 26, 2020.
             Mangled by a neqoxec (9 damage)
             ... in the Dungeon (Sprint II: "The Violet Keep of Menkaure").
             The game lasted 00:00:17 (22 turns).

McKennaii the Destroyer (Draconian Conjurer)          Turns: 22, Time: 00:00:18

Health: -6/29      AC:  5    Str: 11    XL:     4   Next: 90%
Magic:  0/9        EV: 13    Int: 14    God:
Gold:   0          SH:  0    Dex: 11    Spells: 10/11 levels left

rFire    . . .     SeeInvis .   (no weapon)
rCold    . . .     Gourm    .   (no shield)
rNeg     . . .     Faith    .   (armour unavailable)
rPois    .         Spirit   .   (helmet restricted)
rElec    .         Reflect  .   (no cloak)
rCorr    .         Harm     .   (no gloves)
MR       .....     NoTele   +   (no boots)
Stlth    ++........             (no amulet)
HPRegen  0.09/turn              (no ring)
MPRegen  0.11/turn              (no ring)

@: berserk cooldown, slowed, very slow
A: unfitting armour, hooves 1, deterioration 1, dopey 1, frail 1, low mp 1,
screaming 1, cold-blooded, AC +5
a: no special abilities


You were in the Dungeon.
You were not hungry.

You visited 1 branch

Inventory:

Scrolls
 h - a scroll of blinking
Potions
 c - a potion of curing
 d - a potion of heal wounds
 e - a potion of haste
 f - 2 potions of magic
Comestibles
 b - a ration


   Skills:
 + Level 3.0 Dodging
 + Level 2.7 Stealth
 * Level 4.3 Spellcasting
 + Level 9.0 Conjurations


You had 10 spell levels left.
You knew the following spells:

 Your Spells              Type           Power        Failure   Level  Hunger
a - Magic Dart            Conj           ####         1%          1    None

Your spell library contained the following spells:

 Spells                   Type           Power        Failure   Level  Hunger
 Searing Ray              Conj           ####..       1%          2    ##.....
 Iskenderun's Mystic Bla  Conj           ####....     4%          4    ####...
 Dazzling Spray           Conj/Hex       ###...       9%          3    ###....
 Force Lance              Conj/Tloc      ###.....     28%         4    ####...
 Fulminant Prism          Conj/Hex       ###.......   28%         4    ####...


Dungeon Overview and Level Annotations

Branches:
Dungeon (1/1)

Altars:


Innate Abilities, Weirdness & Mutations

Your plain brown scales are hard. (AC +5)
You cannot fit into any form of body armour.
You are cold-blooded and may be slowed by cold attacks.
You have large cloven feet.
Your body sometimes deteriorates upon taking damage.
You are dopey. (Int -2)
You are frail. (-10% HP)
Your magical capacity is low. (-10% MP)
You occasionally shout uncontrollably at your foes.


Message History

Confirm with . or Enter, or press ? or * to list all spells.
Aiming: Magic Dart (safe; 1% risk of failure)
Press: ? - help, Shift-Dir - straight line, f/p - neqoxec
Aim: a neqoxec (heavily wounded)
The magic dart hits the neqoxec but does no damage.
The neqoxec is heavily wounded.
The neqoxec closely misses you. The neqoxec hits you.
You closely miss the neqoxec. You tail-slap the neqoxec.
The neqoxec is severely wounded.
The neqoxec closely misses you.
You hit the neqoxec but do no damage.
The neqoxec is severely wounded.
The neqoxec gestures.
The neqoxec hits you!
* * * LOW HITPOINT WARNING * * *
You closely miss the neqoxec. You kick the neqoxec, but do no damage.
Your tail-slap misses the neqoxec.
The neqoxec is severely wounded.
The neqoxec hits you!
You die...

## #5#
#+#
#3##.##
#@5<.+
###.##
#+#


You could see a neqoxec, an iron imp and a shadow imp.

Vanquished Creatures
  A neqoxec (D)
1 creature vanquished.

Vanquished Creatures (others)
  A crocodile (D)
1 creature vanquished.

Grand Total: 2 creatures vanquished

Notes
Turn   | Place    | Note
-------+----------+-------------------------------------------
     0 | D        | McKennaii the Draconian Conjurer began the quest for the
                  | Orb.
     0 | D        | Reached XP level 1. HP: 14/14 MP: 3/3
     1 | D        | Noticed a neqoxec
     1 | D        | Noticed a neqoxec
     2 | D        | Gained mutation: Your magical capacity is low. (-10% MP) [a
                  | neqoxec]
     6 | D        | Noticed a crimson imp
     7 | D        | Gained mutation: You have large cloven feet. [a neqoxec]
     9 | D        | Killed a neqoxec
     9 | D        | Reached skill level 9 in Conjurations
     9 | D        | Reached XP level 2. HP: 20/20 MP: 3/6
     9 | D        | Reached XP level 3. HP: 26/26 MP: 4/8
     9 | D        | Reached XP level 4. HP: 33/33 MP: 4/9
    15 | D        | Gained mutation: You are frail. (-10% HP) [a neqoxec]
    16 | D        | Killed a crocodile
    16 | D        | Gained mutation: You are dopey. (Int -2) [a neqoxec]
    17 | D        | Gained mutation: Your body sometimes deteriorates upon
                  | taking damage. [a neqoxec]
    18 | D        | Gained mutation: You occasionally shout uncontrollably at
                  | your foes. [a neqoxec]
    22 | D        | Mangled by a neqoxec

Levels and vault maps discovered:
D:        the_violet_keep_of_menkaure [sprint2_stairs_cluster_1,
          sprint2_shoproom, sprint2_temple, sprint2_basic_supplies,
          sprint2_obstacle_3, sprint2_obstacle_5, sprint2_obstacle_2,
          sprint2_obstacle_1, sprint2_obstacle_7, sprint2_timed_cluster_1,
          sprint2_smallroom_cluster_1, sprint2_smallroom_final_cluster_1,
          sprint2_transparent_cluster_1, sprint2_second_timed_cluster_1,
          sprint2_sniper_area_1, sprint2_heavy_combat_area_1,
          sprint2_mutation_trap_area_1, sprint2_forest_area_1,
          sprint2_light_combat_area_1, sprint2_behind_water_1,
          sprint2_near_end_vault_1]

Skill      XL: |  1 |
---------------+----+-----
Dodging        | 3 |  3.0
Stealth        | 2 |  2.7
Spellcasting   | 4 |  4.3
Conjurations   | 9 |  9.0

Action                   |  1- 3 |  4- 6 || total
-------------------------+-------+-------++-------
Melee: Unarmed           |     6 |     8 ||    14
       Kick              |     1 |     3 ||     4
       Tailslap          |       |     1 ||     1
 Cast: Magic Dart        |       |     5 ||     5
  Use: Potion            |     1 |       ||     1
Dodge: Dodged            |     1 |     4 ||     5
